Map: Terraform LE (Void)

Players

Metalreflux

  • Race: Protoss Protoss
  • League: Silver

Javert - Winner!

  • Race: Zerg Zerg
  • League: Silver

VOD

Have the link to the VOD?

Description

Time

  • Played on: July 20, 2015, 12:49 a.m.
  • Length: 5:00
Show
View Real Time Build Order
Export as new Build Order

Metalreflux Protoss 

Build Orders:  

Get SALT Encoding   

  12  0:01  Probe  
  13  0:13  Probe  
  14  0:20  Pylon  
  14  0:27  Assimilator  
  14  0:38  Probe (Chrono Boost)  
  15  0:43  Gateway  
  16  0:50  Probe (Chrono Boost)  
  16  0:58  Probe (Chrono Boost)  
  17  1:08  Probe (Chrono Boost)  
  17  1:16  Probe (Chrono Boost)  
  18  1:25  Probe  
  19  1:33  Cybernetics Core, Zealot  
  19  1:37  Probe  
  22  1:42  Pylon  
  22  1:44  Pylon  
  22  1:49  Assimilator  
  22  2:10  Gateway  
  22  2:11  Gateway  
  22  2:18  Gateway  
  22  2:23  Probe  
  22  2:24  Warp Gate (Chrono Boost)  
  22  2:26  Gateway  
  23  2:37  Adept (Chrono Boost)  
  25  2:45  Mothership Core (Chrono Boost)  
  27  2:57  Adept  
  29  3:03  Probe (Chrono Boost)  
  30  3:09  Adept x2  
  34  3:15  Adept  
  36  3:28  Probe  
  37  3:41  Probe  
  38  3:53  Nexus  
  38  4:21  Pylon  
  38  4:22  Pylon  
  38  4:23  Pylon  
  38  4:25  Pylon  
  38  4:32  Probe  
Show
View Real Time Build Order
Export as new Build Order

Javert Zerg - Winner!

Build Orders: Hatch First 

Get SALT Encoding   

  12  0:06  Drone  
  13  0:18  Overlord  
  13  0:22  Drone  
  14  0:36  Drone x2  
  14  0:41  Drone  
  17  0:55  Hatchery  
  16  0:58  Drone  
  16  1:02  Drone  
  18  1:12  Extractor  
  18  1:13  Drone  
  18  1:23  Drone  
  19  1:28  Spawning Pool  
  18  1:35  Drone  
  19  1:46  Drone  
  20  1:55  Overlord  
  20  2:06  Drone  
  21  2:15  Metabolic Boost  
  21  2:16  Queen x2  
  21  2:19  Drone x2  
  21  2:20  Drone  
  28  2:28  Drone  
  29  2:30  Drone  
  30  2:38  Drone  
  30  2:40  Drone  
  32  3:00  Overlord  
  32  3:01  Overlord  
  32  3:06  Zergling x4  
  32  3:12  Zergling x4  
  36  3:22  Drone x2  
  38  3:31  Drone x5  
  38  3:32  Drone x3  
  46  3:42  Spine Crawler  
  45  3:49  Zergling x2  
  45  3:50  Zergling x4  
  48  3:58  Overlord x3  
  48  3:59  Overlord  
  48  4:06  Roach Warren  
  48  4:08  Spine Crawler  
  46  4:12  Zergling x4  
  46  4:13  Zergling x8  
  52  4:18  Zergling x2  
Tags
 
Add a new tag
Caveats
  • Supply blocks, unpowered buildings, or Contaminate may cause inaccurate times.
  • Supply counts are checked every 10 seconds.